 Dungeon Crawl Stone Soup version 0.20.0-10-g0535bb4 (console) character file.

137 erlkon the Sneak (level 5, -1/31 HPs)
             Began as a Halfling Enchanter on June 6, 2017.
             Slain by a wight
             ... wielding a cursed +2 falchion
              (3 damage)
             ... on level 4 of the Dungeon.
             The game lasted 00:14:09 (2053 turns).

erlkon the Sneak (Halfling Enchanter)               Turns: 2053, Time: 00:14:09

Health: -1/31      AC:  3    Str:  9    XL:     5   Next: 43%
Magic:  0/7        EV: 14    Int: 14    God:
Gold:   93         SH:  0    Dex: 15    Spells: 1/7 levels left

rFire    . . .     SeeInvis +   a - +0 rapier
rCold    . . .     Gourm    .   (shield restricted)
rNeg     . . .     Faith    .   b - +0 robe
rPois    .         Spirit   .   l - +0 helmet
rElec    .         Reflect  .   (no cloak)
rCorr    .         Harm     .   (no gloves)
MR       .....                  (no boots)
Stlth    +++.......             (no amulet)
Regen    0.1/turn               p - ring of see invisible
MPRegen  0.1/turn               (no ring)

@: lethally poisoned (-1 -> -7), about to teleport, drained
A: mutation resistance 1
a: no special abilities


You were on level 4 of the Dungeon.
You were very hungry.

You visited 1 branch of the dungeon, and saw 4 of its levels.

You collected 93 gold pieces.

Inventory:

Hand Weapons
 a - a +0 rapier (weapon)
Missiles
 e - 71 stones (quivered)
 i - 29 sling bullets
 s - 5 tomahawks
Armour
 b - a +0 robe (worn)
 h - a +0 leather armour
 l - a +0 helmet (worn)
Jewellery
 p - a ring of see invisible (left hand)
 u - an uncursed ring of teleportation
Scrolls
 k - 4 scrolls of teleportation
 n - a scroll of enchant armour {unknown}
 o - a scroll of blinking {unknown}
 r - a scroll of amnesia {unknown}
Potions
 m - a potion of haste
 q - a potion of flight
Books
 c - a book of Maledictions

   Spells                             Type                      Level
   a - Corona                         Hexes                        1
   b - Ensorcelled Hibernation        Hexes/Ice                    2
   c - Confuse                        Hexes                        3
   d - Tukima's Dance                 Hexes                        3
   e - Dazzling Spray                 Conjuration/Hexes            3
Comestibles
 d - 5 bread rations
 f - a royal jelly
 j - 3 meat rations


   Skills:
 * Level 3.8(3.3) Short Blades
 - Level 2.1(1.6) Dodging
 + Level 4.3(3.8) Stealth
 - Level 1.5(1.0) Spellcasting
 + Level 3.3(2.8) Hexes


You had one spell level left.
You knew the following spells:

 Your Spells              Type           Power        Failure   Level  Hunger
a - Corona                Hex            #......      9%          1    ##.....
b - Ensorcelled Hibernat  Hex/Ice        #.....       22%         2    ###....
c - Confuse               Hex            #.......     26%         3    ####...


Dungeon Overview and Level Annotations

Branches:
Dungeon (4/15)
 Temple: D:4-7

Altars:

Annotations:
D:3 Soyweiser's ghost, amateur DEEn
D:4 Gorglomux's ghost, amateur DEVM


Innate Abilities, Weirdness & Mutations

You are small and have problems with some larger weapons.
You are somewhat resistant to further mutation.


Message History

You are feeling very hungry.
Gorglomux's ghost gestures at you while chanting.
The sting hits you!
You are poisoned.
The wight hits you with an enchanted falchion.
Unknown command.
Unknown command.
Okay, then.
Unknown command.
You hit the wight.
The wight is almost destroyed.
You feel sick.
Gorglomux's ghost gestures at you while chanting.
The sting hits you!
You are more poisoned.
* * * LOW HITPOINT WARNING * * *
The wight hits you with an enchanted falchion!
* * * LOW HITPOINT WARNING * * *
You feel drained.
You die...

......<......#
.......####<.#
.....#. ##.#
.... #. #.#
... ## #.# ##
#.# #a# #z#
#@# #.# #.#
#.# #.# .W.
..# ..#


You could see a worker ant, a wight and Gorglomux's ghost.

Vanquished Creatures
  8 adders
  A dart slug (D:2)
  3 leopard geckos
  2 orcs (D:3)
  7 bats
  3 giant cockroaches
  7 goblins
  6 hobgoblins
  9 jackals
  A frilled lizard (D:3)
  4 kobolds
  7 rats
58 creatures vanquished.

Vanquished Creatures (others)
  4 toadstools (D:1)
4 creatures vanquished.

Grand Total: 62 creatures vanquished

Notes
Turn   | Place    | Note
-------+----------+-------------------------------------------
     0 | D:1      | erlkon the Halfling Enchanter began the quest for the Orb.
     0 | D:1      | Reached XP level 1. HP: 11/11 MP: 3/3
   381 | D:1      | Reached XP level 2. HP: 11/17 MP: 1/4
   434 | D:1      | Learned a level 2 spell: Ensorcelled Hibernation
   793 | D:2      | Reached XP level 3. HP: 9/21 MP: 3/5
  1027 | D:3      | Noticed Soyweiser's ghost (amateur DEEn)
  1264 | D:2      | Reached XP level 4. HP: 27/27 MP: 6/6
  1279 | D:2      | Learned a level 3 spell: Confuse
  1342 | D:2      | Reached skill level 4 in Stealth
  1694 | D:3      | Reached XP level 5. HP: 31/31 MP: 5/7
  2050 | D:4      | Noticed Gorglomux's ghost (amateur DEVM)
  2053 | D:4      | Slain by a wight

Skill      XL: |  1  2  3  4 |
---------------+-------------+-----
Short Blades   | 2 3 |  3.8
Hexes          | 3 |  3.3
Stealth        | 4 |  4.3
Dodging        | |  2.1
Spellcasting   | |  1.5

Action                   |  1- 3 |  4- 6 || total
-------------------------+-------+-------++-------
Melee: Dagger            |    92 |       ||    92
       Rapier            |    19 |    60 ||    79
 Cast: Corona            |    26 |    14 ||    40
       Ensorcelled Hiber |       |     6 ||     6
       Confuse           |       |     3 ||     3
  Use: Scroll            |     3 |     3 ||     6
 Stab: Sleeping          |     7 |    11 ||    18
       Confused          |       |     1 ||     1
  Eat: Chunk             |     2 |     3 ||     5
Armor: Robe              |    24 |     6 ||    30
Dodge: Dodged            |    74 |    38 ||   112
